 Dungeon Crawl Stone Soup version 0.17-a0-465-g279efb6 (webtiles) character file.

279 MackTheKnife the Poker (level 6, 0/43 HPs)
             Began as an Octopode Wanderer on Apr 3, 2015.
             Was a Follower of Ashenzari.
             Slain by a centaur (5 damage)
             ... on level 5 of the Dungeon on Apr 6, 2015.
             The game lasted 00:09:11 (4818 turns).

MackTheKnife the Poker (Octopode Wanderer)          Turns: 4818, Time: 00:09:11

Health: 0/43       AC:  3    Str: 13    XL:     6   Next: 26%
Magic:  6/6        EV: 17    Int: 14    God:    Ashenzari [*.....]
Gold:   337        SH:  0    Dex: 17    Spells: 0 memorised, 5 levels left

rFire  + . .     SeeInvis .     a - +3 spear (curse)
rCold  . . .     Clarity  .     (no shield)
rNeg   . . .     SustAb   .     (helmet restricted)
rPois  .         Gourm    .     c - amulet of faith (curse) {Faith, !P}
rElec  .         Spirit   .     g - +1 ring of evasion
rCorr  .         Warding  .     l - ring of protection from fire (curse) {rF+, !d}
rMut   .         Stasis   .     (no ring)
MR     .....                    (no ring)
Stlth  ++++......               (no ring)
                                (no ring)
                                (no ring)
                                (no ring)

@: agile, about to teleport, not resistant to hostile enchantments, stealthy
A: almost no armour, amphibious, 8 rings, constrict 8, thin metallic scales 1,
camouflage 1, gelatinous body 1
a: Renounce Religion


You were on level 5 of the Dungeon.
You worshipped Ashenzari.
Ashenzari was aware of your devotion.
You were not hungry.

You visited 1 branch of the dungeon, and saw 5 of its levels.

You collected 337 gold pieces.

Inventory:

Hand weapons
 a - a cursed +3 spear (weapon)
 v - a +4 dagger of electrocution
   (You took it off a kobold on level 4 of the Dungeon)
 x - the +7 mace "Oneuph" {venom, +Rage Int+2 SInv}
   (You found it on level 4 of the Dungeon)

   It poisons the flesh of those it strikes.
   It affects your intelligence (+2).
   It enhances your eyesight.
   It lets you go berserk.
Jewellery
 c - a cursed amulet of faith (around mantle) {Faith, !P}
   (You found it on level 1 of the Dungeon)
 g - a +1 ring of evasion (left tentacle)
   (You found it on level 1 of the Dungeon)
 l - a cursed ring of protection from fire (right tentacle) {rF+, !d}
   (You found it on level 1 of the Dungeon)
 w - an uncursed ring of sustain abilities {SustAb}
   (You found it on level 4 of the Dungeon)
Magical devices
 s - a wand of fire (7)
   (You found it on level 4 of the Dungeon)
 y - a wand of polymorph (12)
   (You found it on level 4 of the Dungeon)
Scrolls
 e - a scroll of magic mapping {!r}
 n - 2 scrolls of remove curse
 o - a scroll of curse armour
 p - a scroll of amnesia
 q - 2 scrolls of identify
 r - 2 scrolls of curse jewellery
Potions
 b - 5 potions of curing
 f - a potion of cancellation
 h - 2 potions of agility
 i - a potion of heal wounds {unknown}
 j - a potion of mutation {unknown}
 k - a potion of magic
 t - a potion of lignification {unknown}
 z - a potion of haste {unknown}
Comestibles
 d - 5 bread rations {@e1}
 m - 5 slices of pizza
 u - 2 meat rations {@e2}


   Skills:
 - Level 4.0 Fighting
 + Level 1.1 Short Blades
 - Level 6.2(6.3) Polearms
   Level 2.0(4.3) Staves
 - Level 1.7 Stealth
   Level 1.0 Shields


You had 5 spell levels left.
You didn't know any spells.

Dungeon Overview and Level Annotations

Branches:
Dungeon (5/15)
 Temple: D:4-7

Altars:
Ashenzari
Nemelex Xobeh
Qazlal

Annotations:
D:3 exclusion: Crazy Yiuf, Crazy Yiuf
D:4 exclusion: 2 orc wizards


Innate Abilities, Weirdness & Mutations

You cannot wear most types of armour.
You are amphibious.
You can wear up to eight rings at the same time.
You can use your tentacles to constrict eight enemies at once.
Your skin changes colour to match your surroundings (Stealth).
Your rubbery body absorbs attacks (AC +1).
You are partially covered in thin metallic scales (AC +2).


Message History

You hear a distant blaring wail to the southeast.
A - a scroll labeled DAAN FUODWUOWN Health restored: 43 You now have 337 gold pieces (gained 13).
A gnoll comes into view.
A centaur comes into view.
The gnoll shouts!
The centaur shouts!
The centaur wields a glowing shortbow.
The centaur shoots an arrow.
The arrow hits you!
You see here an arrow.
You take 12 damage, and have 31/43 hp.
MASSIVE DAMAGE!!
A gnoll comes into view.
You see here an arrow.
You barely miss the gnoll.
The gnoll shouts!
Your grab misses the gnoll. You squeeze the gnoll!
The gnoll hits you but does no damage.
An adder comes into view.
You hit the gnoll.
You kill the gnoll!
Your Short Blades skill increases to level 1!
A gnoll comes into view. It is wielding a spear.
The centaur shoots an arrow.
The arrow closely misses you.
Unknown command.
The centaur unwields an uncursed shortbow of evasion.
The centaur hits you.
You take 6 damage, and have 26/43 hp.
Unknown command.
The centaur hits you. The centaur misses you.
You take 3 damage, and have 23/43 hp.
Unknown command.
You puncture the centaur! The centaur misses you.
You hit the centaur. The centaur hits you!
You take 10 damage, and have 13/43 hp.
MASSIVE DAMAGE!!
Drink which item? (? for menu, Esc to quit)
You feel agile all of a sudden. The centaur barely misses you.
The centaur hits you!
* * * LOW HITPOINT WARNING * * *
The gnoll hits you.
* * * LOW HITPOINT WARNING * * *
You take 9 damage, and have 4/43 hp.
MASSIVE DAMAGE!!
Unknown command.
Unknown command.
Drink which item? (? for menu, Esc to quit)
You feel better. The centaur completely misses you. The gnoll hits you!
* * * LOW HITPOINT WARNING * * *
Unknown command.
Unknown command.
Unknown command.
Drink which item? (? for menu, Esc to quit)
You feel better. The centaur closely misses you.
The adder bites you but does no damage. The centaur misses you.
The gnoll closely misses you.
You regained 9 hp, and now have 14/43 hp.
Unknown command.
Unknown command.
The centaur wields an uncursed shortbow of evasion.
The centaur shoots an arrow.
The arrow completely misses you. The gnoll closely misses you.
Unknown command.
The adder closely misses you.
Unknown command.
Drink which item? (? for menu, Esc to quit)
Okay, then.
Unknown command.
The centaur unwields an uncursed shortbow of evasion.
The centaur barely misses you. x2
The adder bites you.
* * * LOW HITPOINT WARNING * * *
You are poisoned.
The adder poisons you!
You take 2 damage, and have 12/43 hp.
Unknown command.
Drink which item? (? for menu, Esc to quit)
You feel better. The centaur misses you. The adder misses you.
The gnoll hits you from afar with a spear.
You regained 8 hp, and now have 20/43 hp.
Unknown command.
Unknown command.
You hit the centaur. The centaur hits you!
* * * LOW HITPOINT WARNING * * *
The adder misses you.
You take 10 damage, and have 10/43 hp.
MASSIVE DAMAGE!!
Drink which item? (? for menu, Esc to quit)
You can't drink that!
Unknown command.
Unknown command.
Read which item? (? for menu, Esc to quit)
As you read the scroll labeled DAAN FUODWUOWN, it crumbles to dust.
You feel strangely unstable.
It was a scroll of teleportation.
The centaur completely misses you.
The gnoll hits you from afar with a spear.
* * * LOW HITPOINT WARNING * * *
The adder closely misses you. The centaur hits you.
You die...

.._......##..#....##.#........###
.........##....#..##.#.........#
.........###.#.#...#.#.###.....#
.............................>...
.........###.....†..##.#.#.......
.........# ##.#..........#.......
.........####+#.#......###......
((...............c........(....
########........@#..##(####.... #
###........S#...#.####..... #
#.(...#....#g.............. #
#...#.#.#..#(..............
#...#.#.##.#...)..........
####.......##................
#...o....#####..........[###.
###.#......# #...........#
...........# ##..........#


You could see a centaur, a gnoll and an adder.

Vanquished Creatures
  A centaur skeleton (D:4)
  2 worker ants (D:4)
  A hound skeleton (D:4)
  A worker ant zombie (D:5)
  A gnoll (D:5)
  4 adders
  2 shadow imps
  2 worms (D:2)
  An adder skeleton (D:4)
  4 giant geckos
  16 orcs
  A ball python (D:3)
  9 goblins
  10 hobgoblins
  9 kobolds
  3 quokkas
  8 bats
  2 giant cockroaches
  2 giant newts
  6 rats
85 creatures vanquished.

Notes
Turn   | Place    | Note
--------------------------------------------------------------
     0 | D:1      | MackTheKnife, the Octopode Wanderer, began the quest for the Orb.
     0 | D:1      | MackTheKnife set off with: a +2 spear, 2 potions of curing, a bread ration {@e1}
     0 | D:1      | Reached XP level 1. HP: 17/17 MP: 1/1
    62 | D:1      | Upgraded the game from 0.17-a0-417-gc4a8610 to 0.17-a0-465-g279efb6
   440 | D:1      | Reached XP level 2. HP: 22/22 MP: 2/2
   931 | D:2      | Gained mutation: You are partially covered in thin metallic scales (AC +2). [potion of beneficial mutation]
   958 | D:2      | Reached skill level 3 in Polearms
  1161 | D:2      | Reached XP level 3. HP: 24/27 MP: 3/3
  1700 | D:2      | Reached skill level 4 in Polearms
  1739 | D:2      | Reached XP level 4. HP: 33/33 MP: 4/4
  2925 | D:3      | Noticed Crazy Yiuf
  2974 | D:3      | Reached skill level 5 in Polearms
  2985 | D:3      | Found a stormy altar of Qazlal.
  2985 | D:3      | Found a shattered altar of Ashenzari.
  2991 | D:3      | Became a worshipper of Ashenzari the Shackled
  3424 | D:3      | Reached XP level 5. HP: 35/37 MP: 5/5
  3848 | D:4      | Reached skill level 6 in Polearms
  3848 | D:4      | Reached XP level 6. HP: 20/43 MP: 6/6
  4321 | D:4      | Identified the +7 mace "Oneuph" {venom, +Rage Int+2 SInv}
  4461 | D:5      | Entered Level 5 of the Dungeon
  4608 | D:5      | Found a sparkling altar of Nemelex Xobeh.
  4803 | D:5      | Reached skill level 1 in Short Blades
  4809 | D:5      | HP: 5/43 [centaur (8)]
  4817 | D:5      | HP: 10/43 [centaur (10)]
  4818 | D:5      | Slain by a centaur

Action                   |  1- 3 |  4- 6 || total
-------------------------+-------+-------++-------
Melee: Spear             |    76 |   149 ||   225
  Use: Scroll            |     7 |    11 ||    18
       Potion            |     1 |     4 ||     5
 Stab: Sleeping          |     7 |     9 ||    16
  Eat: Chunk             |     2 |     6 ||     8
       Bread ration      |       |     1 ||     1

Vault maps used:
D:1:      dpeg_arrival_oval
D:2:      first_bread, wad_orctagon
D:3:      gammafunk_temple_overflow_wave, serial_glass, glass_columns_b,
          glass_columns_b, kennysheep_nub, uniq_crazy_yiuf_cottage
D:4:      roderic_serpentine_path, minmay_vboxes
D:5:      overflow_temple_1_default, makhleb_grotto_becter,
          lightli_temple_of_fire, basic_altar, kennysheep_windowed_goal

Table legend:
 A = Turns spent in this place as a percentage of turns spent in the entire game.
 B = Non-inter-level travel turns spent in this place as a percentage of non-inter-level travel turns spent in the entire game.
 C = Inter-level travel turns spent in this place as a percentage of turns spent in this place.
 D = Turns resting spent in this place as a percentage of non-inter-level travel turns spent in this place.
 E = Turns spent auto-exploring this place as a percentage of non-inter-level travel turns spent in this place.
 F = Non-inter-level travel turns spent in this place divided by the number of levels of this place that you've seen.
                   A       B       C       D       E      F
               +-------+-------+-------+-------+-------+----------------------
         Total | 100.0 | 100.0 |   0.5 |   3.1 |  12.4 | 228.6
       Dungeon | 100.0 | 100.0 |   0.5 |   3.1 |  12.4 | 228.6
               +-------+-------+-------+-------+-------+----------------------

Table legend:
 A = Kills in this place as a percentage of kills in entire the game.
 B = Kills by you in this place as a percentage of kills by you in the entire game.
 C = Kills by friends in this place as a percentage of kills by friends in the entire game.
 D = Other kills in this place as a percentage of other kills in the entire game.
 E = Experience gained in this place as a percentage of experience gained in the entire game.
 F = Experience gained in this place divided by the number of levels of this place that you have seen.
                   A       B       C       D       E      F
               +-------+-------+-------+-------+-------+----------------------
         Total | 100.0 | 100.0 |  -nan |  -nan | 100.0 |  79.8
       Dungeon | 100.0 | 100.0 |  -nan |  -nan | 100.0 |  79.8
               +-------+-------+-------+-------+-------+----------------------
